 Dungeon Crawl Stone Soup version 0.29.1-2-gbd0b4ee654 (webtiles) character file.

Game seed: 3538454483284427347

522 zeram the Magician (level 7, -2/36 HPs)
             Began as a Deep Elf Summoner on Nov 4, 2022.
             Was an Initiate of Gozag.
             Slain by an iguana (14 damage)
             ... on level 5 of the Dungeon.
             The game lasted 00:12:50 (6128 turns).

zeram the Magician (Deep Elf Summoner)              Turns: 6128, Time: 00:12:50

Health: -2/36      AC:  3    Str: 11    XL:     7   Next: 2%
Magic:  19/19      EV: 13    Int: 22    God:    Gozag
Gold:   162        SH:  0    Dex: 15    Spells: 14/20 levels left

rFire   . . .      SeeInvis .   p - +2 dagger (venom)
rCold   . . .      Faith    .   (no shield)
rNeg    + . .      Spirit   .   a - +0 robe
rPois   .          Reflect  .   g - +0 helmet
rElec   .          Harm     .   (no cloak)
rCorr   .          Rampage  .   (no gloves)
Will    .....                   (no boots)
Stlth   ++........              (no amulet)
HPRegen 0.12/turn               f - ring of positive energy
MPRegen 0.16/turn               d - +6 ring of strength

@: no status effects
A: no striking features
a: Renounce Religion, Potion Petition, Call Merchant, Bribe Branch


You were on level 5 of the Dungeon.
You worshipped Gozag.
Gozag was aware of your devotion.
You visited 2 branches of the dungeon, and saw 6 of its levels.

You collected 223 gold pieces.
You paid 61 gold pieces to Gozag.

Inventory:

Hand Weapons
 c - a +0 dagger
 e - a +0 vorpal hand axe
 p - a +2 dagger of venom (weapon)
Armour
 a - a +0 robe (worn)
 g - a +0 helmet (worn)
Jewellery
 d - a +6 ring of strength (right hand)
 f - a ring of positive energy (left hand)
 i - a ring of ice
 s - a ring of see invisible
Wands
 j - a wand of flame (18)
Scrolls
 h - a scroll of immolation {unknown}
 k - a scroll of fog
 l - 3 scrolls of noise
 n - a scroll of magic mapping
 q - a scroll of vulnerability {unknown}
Potions
 b - a potion of magic
 m - 2 potions of degeneration
 o - 4 potions of flight
 r - a potion of curing


   Skills:
 + Level 4.2 Dodging
 - Level 2.6 Stealth
 + Level 7.0 Spellcasting
 + Level 6.7 Summonings


You had 14 spell levels left.
You knew the following spells:

 Your Spells              Type           Power      Damage    Failure   Level
a - Summon Small Mammal   Summ           100%       N/A       1%          1
b - Call Imp              Summ           37%        N/A       1%          2
c - Call Canine Familiar  Summ           37%        N/A       1%          3

Your spell library contained the following spells:

 Spells                   Type           Power      Damage    Failure   Level
 Summon Guardian Golem    Hex/Summ       22%        N/A       6%          3
 Foxfire                  Conj/Fire      28%        2x1d5     9%          1
 Ensorcelled Hibernation  Hex/Ice        14%        N/A       12%         2
 Summon Lightning Spire   Summ/Air       22%        N/A       21%         4
 Conjure Flame            Conj/Fire      7%         6-21      24%         3
 Inner Flame              Hex/Fire       7%         N/A       24%         3
 Spider Form              Tmut/Pois      7%         N/A       24%         3
 Anguish                  Hex/Necr       3%         N/A       63%         4
 Flame Wave               Conj/Fire      7%         2d5       63%         4


Dungeon Overview and Level Annotations

Branches:
Dungeon (5/15)             Temple (1/1) D:4

Altars:
Ashenzari
Cheibriados
Dithmenos
Fedhas
Gozag
Makhleb
Nemelex Xobeh
Okawaru
Qazlal
Ru
Sif Muna
Trog
Vehumet
Wu Jian
Zin

Shops:
D:1 *   D:2 [*

Annotations:
D:4 3 runed translucent doors, qeuew's ghost, novice GnHu


Message History

You now have 157 gold pieces (gained 12).
You now have 162 gold pieces (gained 5).
q - a scroll labelled TEWKAO HIRI
m - 2 potions of degeneration (gained 1)
You open the door.
There is an open door here.
You open the door.
There is an open door here.
You open the door.
There is an open door here.
You open the door.
There is an open door here.
There is an open door here.
You open the door.
There is an open door here.
Your white imp disappears in a puff of smoke!
You open the door.
There is an open door here.
You open the door.
Found an escape hatch in the floor.
You open the door.
An iguana comes into view.
An iguana is nearby!
An iguana is nearby!
The iguana hisses angrily.
The iguana closely misses you.
There is an open door here.
You barely miss the iguana. The iguana bites you!
You hit the iguana.
The iguana is poisoned.
The iguana is lightly wounded.
The iguana barely misses you.
You hit the iguana.
The iguana looks as sick as possible!
The iguana is lightly wounded.
The iguana bites you!
You are too injured to fight recklessly!
You are too injured to fight recklessly!
You are too injured to fight recklessly!
The iguana attacks as you move away! The iguana bites you!
You die...
Your body crumbles into a pile of gold.

#.......#...#.........
#.......##.##>..(.......
#......................
#.....................
#.....................
#.###.###...#######.##
#.###.###...#######.##.##
.................#.......
.......>........@l.......
.................#.......
####.###.#...###'###..###
####.###.##..###.# .#
#....#.........#.. +
#....#.........#..#
#....#.........#.>#
#....#.........#..+
##..###.###.#######


You could see an iguana (extremely poisoned).

Vanquished Creatures
  An ogre (D:5)
  A hound (D:5)
  An adder (D:3)
  3 dart slugs
  An orc (D:4)
  4 ball pythons
  An endoplasm (D:2)
  A giant cockroach (D:4)
  2 goblins (D:2)
  4 hobgoblins
  2 jackals (D:5)
  4 kobolds
  2 quokkas
  2 bats
  2 frilled lizards
  A rat (D:2)
32 creatures vanquished.

Vanquished Creatures (collateral kills)
  A phantom (D:4)
  A necrophage (D:5)
  A scorpion (D:5)
  2 orc wizards
  4 gnolls (D:5)
  2 adders (D:3)
  2 worms (D:3)
  3 dart slugs
  4 orcs (D:3)
  A giant cockroach (D:1)
  A hobgoblin (D:3)
  8 jackals
  A bat (D:1)
  A frilled lizard (D:3)
  3 goblins (D:1)
  A rat (D:1)
36 creatures vanquished.

Vanquished Creatures (others)
  An orc wizard (D:4)
1 creature vanquished.

Grand Total: 69 creatures vanquished

Notes
Turn   | Place    | Note
-------+----------+-------------------------------------------
     0 | D:1      | zeram the Deep Elf Summoner began the quest for the Orb.
     0 | D:1      | Reached XP level 1. HP: 10/10 MP: 6/6
   295 | D:1      | Reached XP level 2. HP: 5/15 MP: 5/8
   516 | D:1      | Found Ismueking's Assorted Antiques.
   649 | D:1      | Found a faded altar of an unknown god.
   865 | D:1      | Reached skill level 5 in Summonings
  1188 | D:2      | Found Juwniygg's Armour Boutique.
  1194 | D:2      | Found Qeriusos's Assorted Antiques.
  1208 | D:2      | Learned a level 2 spell: Call Imp
  1265 | D:2      | Reached XP level 3. HP: 19/19 MP: 10/10
  2176 | D:3      | Identified the +1 robe of Kuuziy {+Blink Will+ Str+4 Int+3}
  2336 | D:3      | Reached skill level 4 in Spellcasting
  2682 | D:3      | Learned a level 3 spell: Call Canine Familiar
  2780 | D:3      | Reached XP level 4. HP: 20/24 MP: 4/12
  2790 | D:3      | HP: 1/24 [orc/+0 club (3)]
  3704 | D:4      | Found a runed translucent gate.
  3704 | D:4      | Found a runed translucent gate.
  3705 | D:4      | Found a runed translucent gate.
  3744 | D:4      | Noticed qeuew's ghost (novice GnHu)
  3755 | D:4      | Found a shimmering blue altar of Sif Muna.
  4055 | D:4      | Found a staircase to the Ecumenical Temple.
  4063 | Temple   | Entered the Ecumenical Temple
  4303 | D:4      | Found a sparkling altar of Nemelex Xobeh.
  4313 | D:4      | Reached XP level 5. HP: 12/28 MP: 11/14
  4333 | D:4      | Reached skill level 5 in Spellcasting
  4723 | D:4      | Noticed a phantom
  4741 | D:4      | Killed a phantom
  5018 | D:5      | Entered Level 5 of the Dungeon
  5020 | D:5      | Noticed an ogre
  5029 | D:5      | Killed an ogre
  5030 | D:5      | Reached skill level 6 in Spellcasting
  5030 | D:5      | Reached XP level 6. HP: 9/32 MP: 11/17
  5903 | D:5      | Reached skill level 7 in Spellcasting
  5903 | D:5      | Reached XP level 7. HP: 35/36 MP: 14/19
  5945 | D:5      | Found an opulent altar of Gozag.
  5974 | D:5      | Became a worshipper of Gozag Ym Sagoz the Greedy
  6128 | D:5      | Slain by an iguana

Illustrated notes

Levels and vault maps discovered:
D:1:      evilmike_arrival_fibonacci_small, layout_rooms,
          dreamdust_ecumenical_altar_statues, serial_shops, nicolae_square_shop
D:2:      layout_rooms, serial_shops, nicolae_shop_trees, shop
D:3:      layout_loops_ring
D:4:      layout_rooms, mainiacjoe_overflow_tiny_flanked,
          mainiacjoe_overflow_cross_hatched, minmay_temple_entry_tees,
          gammafunk_ghost_necromancy, small_statue_intersection
D:5:      layout_gridville, grunt_gozag_breadcrumbs, serial_glass,
          glass_columns_b, glass_columns_b, hangedman_decor_growths
Temple:   chequers_temple_sunken

Skill      XL: |  1  2  3  4  5  6 |
---------------+-------------------+-----
Summonings     | 5 6 |  6.7
Spellcasting   | 4 6 7 |  7.0
Dodging        | 3 4 |  4.2
Stealth        | |  2.6

Action                   |  1- 3 |  4- 6 |  7- 9 || total
-------------------------+-------+-------+-------++-------
Melee: Dagger            |    23 |    39 |     8 ||    70
       Unarmed           |     6 |       |       ||     6
       Hand axe          |    63 |    28 |       ||    91
       Punch             |     1 |       |       ||     1
 Cast: Summon Small Mamm |    20 |     1 |       ||    21
       Call Imp          |    13 |    11 |       ||    24
       Call Canine Famil |       |     9 |       ||     9
  Use: Scroll            |     2 |     7 |     1 ||    10
       Potion            |       |     1 |       ||     1
 Stab: Sleeping          |     2 |     3 |       ||     5
Armor: Robe              |    24 |    11 |     3 ||    38
Dodge: Dodged            |    71 |    32 |     6 ||   109
